 Dungeon Crawl Stone Soup version 0.29-a0-392-g297d3b089c (webtiles) character file.

Game seed: 12899573635392499883

18165 benadryl the Brawler (level 12, 0/126 HPs)
             Began as a Troll Artificer on May 8, 2022.
             Was a Follower of Ashenzari.
             Slain by a frost giant
             ... wielding a +4 battleaxe of freezing
              (26 damage)
             ... in an ice cave.
             The game lasted 00:23:06 (8996 turns).

benadryl the Brawler (Troll Artificer)              Turns: 8996, Time: 00:23:07

Health: 0/126      AC: 11    Str: 27    XL:     12   Next: 25%
Magic:  11/11      EV: 11    Int:  9    God:    Ashenzari [*.....]
Gold:   648        SH:  0    Dex: 10    Spells: 11/11 levels left

rFire   + . .      SeeInvis +     - Unarmed
rCold   + . .      Faith    .   (no shield)
rNeg    . . .      Spirit   .   D - +0 troll leather armour
rPois   +          Reflect  .   (helmet restricted)
rElec   +          Harm     .   y - +0 cloak
rCorr   +          Rampage  .   (gloves unavailable)
Will    +....                   (boots unavailable)
Stlth   ++........              (no amulet)
HPRegen 1.91/turn               a - ring of Desmomancy {AC+4, Alch, Melee} (curse)
MPRegen 0.12/turn               o - ring of Ashenzari's Stickiness {Will+ Int+2 Slay+3 SInv, Self, Cun} (curse)

@: resistant, studying Long Blades
A: large, unfitting armour, claws 3, regeneration 1, shaggy fur 1, tough skin 1
a: Renounce Religion, Curse Item, Shatter the Chains


You were in an ice cave.
You worshipped Ashenzari.
Ashenzari was aware of your devotion.
You visited 2 branches of the dungeon, and saw 11 of its levels.
You also visited: Ice Cave.

You collected 648 gold pieces.

Inventory:

Hand Weapons
 m - a +2 short sword of flaming
 w - a +0 giant spiked club of draining
Armour
 b - a +1 robe
 y - a +0 cloak (worn)
 D - a +0 troll leather armour (worn)
Jewellery
 a - the cursed ring of Desmomancy (left claw) {AC+4, Alch, Melee}
   (You found it on level 1 of the Dungeon)

   [ring of protection]

   AC:        It affects your AC (+4).
   It has a curse which improves the following skills: Alchemy: Poison Magic and
   Transmutations.
   Melee Combat: Short Blades, Long Blades, Axes, Maces & Flails, Polearms,
   Staves and Unarmed Combat.
 i - a ring of flight
 o - the cursed ring of Ashenzari's Stickiness (right claw) {Will+ Int+2 Slay+3 SInv, Self, Cun}
   (You acquired it on level 5 of the Dungeon)

   [ring of see invisible]

   Int:       It affects your intelligence (+2).
   Slay:      It affects your accuracy & damage with ranged weapons and melee
   (+3).
   SInv:      It lets you see invisible.
   Will:      It increases your willpower.
   It has a curse which improves the following skills: Introspection: Fighting
   and Spellcasting.
   Cunning:   Dodging and Stealth.
 C - a +6 ring of intelligence
 F - a +4 ring of protection
Wands
 c - a wand of flame (7) (quivered)
 d - a wand of charming (11)
 e - a wand of iceblast (8)
 s - a wand of mindburst (7)
 I - a wand of digging (5)
Scrolls
 g - 3 scrolls of enchant weapon
 h - 2 scrolls of silence
 k - 4 scrolls of fear
 p - a scroll of blinking
 r - 2 scrolls of fog
 u - 5 scrolls of teleportation
 A - a scroll of poison
 E - a scroll of enchant armour
 H - a scroll of identify {@r1}
Potions
 f - a potion of resistance
 j - 3 potions of lignification
 l - 2 potions of flight
 n - a potion of heal wounds
 q - 2 potions of cancellation
 t - 2 potions of mutation
 v - 2 potions of attraction
 x - 2 potions of brilliance
 z - 8 potions of curing {@q1}
 B - a potion of magic
 G - a potion of haste


   Skills:
 + Level 9.2(10.1) Fighting
 - Level 5.2(6.0) Dodging
 - Level 3.2(4.0) Stealth
 * Level 15.1(15.9) Unarmed Combat
 - Level 2.1 Evocations


You had 11 spell levels left.
You didn't know any spells.
Your spell library contained the following spells:

 Spells                   Type           Power      Damage    Failure   Level
 Animate Skeleton         Necr           0%         N/A       41%         1
 Pain                     Necr           0%         1d4       41%         1
 Corpse Rot               Necr/Air       0%         N/A       56%         2
 Poisonous Vapours        Pois/Air       0%         N/A       56%         2
 Dazzling Flash           Conj/Hex       0%         N/A       80%         3
 Vampiric Draining        Necr           0%         2d6       80%         3
 Iskenderun's Mystic Bla  Conj/Tloc      0%         2d3       99%         4
 Alistair's Intoxication  Tmut/Pois      0%         N/A       100%        5
 Borgnjor's Vile Clutch   Necr/Erth      0%         N/A       100%        5
 Eringya's Noxious Bog    Tmut/Pois      0%         N/A       100%        6
 Starburst                Conj/Fire      0%         6d3       100%        6


Dungeon Overview and Level Annotations

Branches:
Dungeon (10/15)            Temple (0/1) D:6            Lair (1/6) D:10
    Orc (0/2) D:9           IceCv (1/1)

Altars:
Ashenzari
Cheibriados
Dithmenos
Elyvilon
Fedhas
Makhleb
Okawaru
Qazlal
Ru
Trog
Uskayaw
Xom
Yredelemnul
The Shining One

Shops:
D:4 (


Innate Abilities, Weirdness & Mutations

You are too large for most types of armour.
You have claws for hands.
Your natural rate of healing is unusually fast.
You are covered in fur. (AC +1)
You have tough skin. (AC +1)


Message History

You barely miss the death yak. The death yak gores you!
You mangle the death yak!!
The death yak is heavily wounded.
The death yak barely misses you.
You barely miss the death yak.
The death yak is moderately wounded.
You mangle the death yak!!
The death yak is severely wounded.
The death yak gores you but does no damage.
You scratch the death yak but do no damage.
The death yak is severely wounded.
The death yak gores you!
You scratch the death yak.
The death yak is almost dead.
You completely miss the death yak.
The death yak is almost dead.
The death yak gores you!!
You mangle the death yak!!
You kill the death yak!
You mangle the frost giant!!
The frost giant is moderately wounded.
You hear a bellow!
The frost giant hits you with a +4 battleaxe of freezing!!
The frost giant freezes you!
You feel protected.
The frost giant hits you with a +4 battleaxe of freezing!!
* * * LOW HITPOINT WARNING * * *
The frost giant freezes you.
* * * LOW HITPOINT WARNING * * *
You feel much better.
The frost giant hits you with a +4 battleaxe of freezing!!
* * * LOW HITPOINT WARNING * * *
The frost giant freezes you.
* * * LOW HITPOINT WARNING * * *
You mangle the frost giant!!
The frost giant is heavily wounded.
You scratch the frost giant but do no damage.
The frost giant is heavily wounded.
The frost giant hits you with a +4 battleaxe of freezing!!
You die...

≈≈≈≈≈≈≈≈#
≈≈≈≈≈≈≈≈
≈≈≈≈≈≈ #
#####..## #.
###...##≈≈≈
...
##..##..≈#≈≈
..hh
#..#####.≈≈#


#Y.hh ########..#....### #h..##@..##...#..#..... #hhC##...#########...
########## #.[. #### You could see a frost giant, a polar bear and a wolf.

Vanquished Creatures
  2 two-headed ogres
  2 centaur warriors (D:9)
  4 death yaks (IceCv)
  A wizard (D:10)
  A deep elf pyromancer (D:7)
  An ice statue (IceCv)
  A gargoyle (D:10)
  An unseen horror (D:10)
  A freezing wraith (D:9)
  3 polar bears (IceCv)
  Sigmund (D:4)
  A shadow (D:10)
  3 wyverns
  26 yaks
  A steam dragon (D:9)
  5 vampire mosquitoes
  An acid dragon (D:9)
  3 water moccasins
  7 orc warriors
  2 ice beasts
  8 ogres
  7 wolves (IceCv)
  2 phantoms
  3 kobold brigands
  9 centaurs
  A bullfrog (D:8)
  A necrophage (D:5)
  10 wights (D:8)
  A killer bee (D:9)
  An electric eel (D:7)
  3 orc priests
  4 hounds
  3 jellies
  A gnoll shaman (D:6)
  An iguana (D:4)
  11 orc wizards
  A hound zombie (D:3)
  12 gnolls
  7 adders
  2 shadow imps
  A white imp (D:7)
  An ufetubus (D:6)
  An adder zombie (D:3)
  2 worms
  3 dart slugs
  33 orcs
  7 endoplasms
  5 giant cockroaches
  3 hobgoblins
  10 jackals
  2 quokkas (D:2)
  8 ball pythons
  A ball python zombie (D:3)
  9 bats
  7 frilled lizards
  12 goblins
  11 kobolds
  2 rats
273 creatures vanquished.

Vanquished Creatures (collateral kills)
  A troll (D:9)
  A kobold brigand (D:9)
  A gnoll sergeant (D:9)
  A gnoll (D:9)
  An adder (D:3)
  2 orcs (D:9)
  A bat (D:3)
8 creatures vanquished.

Vanquished Creatures (others)
  An ogre (D:9)
  An orc wizard (D:7)
  A gnoll (D:6)
  4 plants (D:3)
7 creatures vanquished.

Grand Total: 288 creatures vanquished

Notes
Turn   | Place    | Note
-------+----------+-------------------------------------------
     0 | D:1      | benadryl the Troll Artificer began the quest for the Orb.
     0 | D:1      | Reached XP level 1. HP: 18/18 MP: 0/0
    66 | D:1      | Reached skill level 1 in Fighting
    85 | D:1      | Reached skill level 1 in Unarmed Combat
   118 | D:1      | Reached XP level 2. HP: 21/27 MP: 1/1
   410 | D:1      | Reached skill level 2 in Unarmed Combat
   475 | D:1      | Reached XP level 3. HP: 33/33 MP: 2/2
  1253 | D:2      | Reached XP level 4. HP: 40/42 MP: 3/3
  1288 | D:2      | Reached skill level 3 in Unarmed Combat
  1511 | D:3      | Reached XP level 5. HP: 39/50 MP: 4/4
  1605 | D:3      | Reached skill level 4 in Unarmed Combat
  1756 | D:3      | Found a faded altar of an unknown god.
  1875 | D:3      | Found a basalt altar of Yredelemnul.
  1908 | D:3      | Found a shimmering altar of Xom.
  2104 | D:3      | Prayed at the altar of an unknown god.
  2104 | D:3      | Became a worshipper of Ashenzari the Shackled
  2234 | D:4      | Found Kaupsianu's Antique Weapon Emporium.
  2288 | D:4      | Reached XP level 6. HP: 57/59 MP: 5/5
  2404 | D:4      | Found a snail-covered altar of Cheibriados.
  2665 | D:4      | Reached skill level 5 in Unarmed Combat
  2842 | D:4      | Noticed Sigmund
  2893 | D:4      | Killed Sigmund
  3120 | D:5      | Entered Level 5 of the Dungeon
  3125 | D:5      | Reached XP level 7. HP: 67/67 MP: 6/6
  3148 | D:5      | Reached skill level 6 in Unarmed Combat
  3528 | D:5      | Reached skill level 7 in Unarmed Combat
  3542 | D:5      | Identified a scroll of acquirement
  3542 | D:5      | Acquired the ring "Siux" {Will+ Int+2 Slay+3 SInv}
  3565 | D:5      | Found a glowing golden altar of the Shining One.
  3687 | D:5      | Found a burning altar of Makhleb.
  3687 | D:5      | Noticed a blizzard demon
  3690 | D:5      | Noticed a hellwing
  3690 | D:5      | Noticed a smoke demon
  3720 | D:5      | Found a sacrificial altar of Ru.
  3725 | D:5      | Reached XP level 8. HP: 79/79 MP: 7/7
  3790 | D:6      | Found a white marble altar of Elyvilon.
  3976 | D:6      | Reached skill level 8 in Unarmed Combat
  4208 | D:6      | Found a staircase to the Ecumenical Temple.
  4478 | D:7      | Noticed a deep elf pyromancer
  4511 | D:6      | Reached skill level 5 in Fighting
  4671 | D:7      | Killed a deep elf pyromancer
  4672 | D:7      | Reached skill level 9 in Unarmed Combat
  4672 | D:7      | Noticed a two-headed ogre
  4681 | D:7      | Killed a two-headed ogre
  4682 | D:7      | Reached skill level 10 in Unarmed Combat
  4682 | D:7      | Reached XP level 9. HP: 45/89 MP: 8/8
  4991 | D:7      | Found a bloodstained altar of Trog.
  5220 | D:7      | Reached skill level 11 in Unarmed Combat
  5472 | D:7      | Identified the +1 leather armour of Murphism {rElec rPois}
  5814 | D:7      | Identified the +3 leather armour "Essual" {rC+ Int-3
                  | Stlth+}
  5951 | D:8      | Reached * piety under Ashenzari
  6106 | D:8      | Reached XP level 10. HP: 73/104 MP: 9/9
  6585 | D:8      | Reached skill level 1 in Stealth
  6870 | D:9      | Found a shadowy altar of Dithmenos.
  7014 | D:9      | Noticed a centaur warrior
  7022 | D:9      | Killed a centaur warrior
  7023 | D:9      | Reached skill level 12 in Unarmed Combat
  7024 | D:9      | Noticed a centaur warrior
  7027 | D:9      | Killed a centaur warrior
  7160 | D:9      | Reached XP level 11. HP: 59/113 MP: 10/10
  7373 | D:9      | Reached skill level 13 in Unarmed Combat
  7374 | D:9      | Found a staircase to the Orcish Mines.
  7398 | D:9      | Reached skill level 5 in Dodging
  8013 | D:9      | Found an iron altar of Okawaru.
  8194 | D:10     | Entered Level 10 of the Dungeon
  8194 | D:10     | Noticed a wizard
  8204 | D:10     | Killed a wizard
  8298 | D:10     | Found a hide-covered altar of Uskayaw.
  8343 | D:10     | Noticed a two-headed ogre
  8359 | D:10     | Found a blossoming altar of Fedhas.
  8373 | D:10     | Killed a two-headed ogre
  8404 | D:10     | Found a stormy altar of Qazlal.
  8462 | D:10     | Reached skill level 14 in Unarmed Combat
  8560 | D:10     | Found a staircase to the Lair.
  8747 | Lair:1   | Entered Level 1 of the Lair of Beasts
  8785 | Lair:1   | Found a frozen archway.
  8789 | IceCv    | Entered an ice cave
  8824 | IceCv    | Noticed a death yak
  8824 | IceCv    | Noticed a death yak
  8826 | IceCv    | Noticed a death yak
  8829 | IceCv    | Killed a death yak
  8834 | IceCv    | Killed a death yak
  8835 | IceCv    | Reached XP level 12. HP: 108/126 MP: 11/11
  8839 | IceCv    | Killed a death yak
  8974 | IceCv    | Noticed a frost giant
  8974 | IceCv    | Noticed a death yak
  8980 | IceCv    | Reached skill level 15 in Unarmed Combat
  8991 | IceCv    | Killed a death yak
  8996 | IceCv    | Slain by a frost giant

Illustrated notes

Levels and vault maps discovered:
D:1:      minmay_arrival_shattered_statue, layout_basic
D:2:      layout_basic, solitary_fountain, serial_bayou_pond_b,
          kennysheep_generic_room_9
D:3:      cheibrodos_old_hovel, layout_loops_ring, xom_teletrap_fun,
          nicolae_yredelemnul_corpse_copse,
          hellmonk_ecumenical_altar_leap_of_faith, st_stairs_13
D:4:      layout_basic, mainiacjoe_overflow_tiny_flanked, serial_shops, shop,
          serial_co_window_serial, co_window_corner_a, co_window_paths_b,
          co_window_corner_a, co_window_corner_a, co_window_of_opportunity_a,
          co_window_unsneaky_path_b, co_window_unsneaky_path_b,
          co_window_cross_2, co_window_2corner, co_window_4corner_b,
          uniq_sigmund
D:5:      layout_basic, lemuel_round_altar, makhleb_altar_promises_db,
          marbit_many_paths, minmay_misc_feat_rows
D:6:      layout_loops_ring, elyvilon_altar_4, minmay_temple_entry_slanted,
          minivault_11
D:7:      layout_loops_corners, mainiacjoe_overflow_24_doors,
          nicolae_lava_and_water, kennysheep_cross_bottleneck, st_stairs_9,
          eino_small_chamber_without_monster, dreamdust_princess_corridor,
          nrook_mini_vaults, minmay_manual_monolith
D:8:      layout_loops_corners
D:9:      minmay_ornate_pinched, layout_stronghold,
          mainiacjoe_overflow_six_doors_small, lemuel_crystal_altar,
          kennysheep_orc_monster_closet_entryway
D:10:     layout_roguey, nicolae_qazlal_scattered_showers,
          mainiacjoe_overflow_concentric_impassable,
          mainiacjoe_overflow_brackets, lair_entry_dummy
Lair:1:   layout_regular_city, nicolae_volcano_entry_lava_flow,
          portal_ice_cave_entry_pillars_1
IceCv:    ice_cave_caverns_03

Skill      XL: |  1  2  3  4  5  6  7  8  9 10 11 12 |
---------------+-------------------------------------+-----
Fighting       | 1 2 3 4 6 7 8 9 |  9.2
Unarmed Combat | 1 2 3 4 5 7 10 11 12 14 15 | 15.1
Dodging        | 3 4 5 |  5.2
Stealth        | 2 3 |  3.2
Evocations     | |  2.1

Action                   |  1- 3 |  4- 6 |  7- 9 | 10-12 || total
-------------------------+-------+-------+-------+-------++-------
Melee: Unarmed           |   152 |   151 |   136 |   324 ||   763
       Punch             |     1 |     3 |     4 |    28 ||    36
Invok: Curse Item        |       |       |     2 |       ||     2
Evoke: Wand              |       |     2 |    23 |    13 ||    38
  Use: Scroll            |     7 |     6 |     5 |     2 ||    20
       Potion            |       |       |       |     4 ||     4
 Stab: Sleeping          |     1 |     1 |       |     3 ||     5
Armor: Robe              |    82 |    75 |    82 |    47 ||   286
       Troll leather arm |       |       |       |    50 ||    50
       Skin              |       |       |       |     1 ||     1
Dodge: Dodged            |   109 |    68 |    81 |   130 ||   388

Table legend: (Time is in decaauts)
 A = Elapsed time spent in this place.
 B = Non-inter-level travel time spent in this place.
 C = Inter-level travel time spent in this place.
 D = Time resting spent in this place.
 E = Time spent auto-exploring this place.
 F = Levels seen in this place.
 G = Mean time per level.
                   A        B        C        D        E       F      G
               +--------+--------+--------+--------+--------+-----+--------+
         Total |   8883 |   8530 |    353 |    971 |   5782 |  12 |  740.2 |
       Dungeon |   8649 |   8296 |    353 |    971 |   5782 |  10 |  864.9 |
          Lair |     41 |     41 |      0 |      0 |      0 |   1 |   41.0 |
      Ice Cave |    192 |    192 |      0 |      0 |      0 |   1 |  192.0 |
               +--------+--------+--------+--------+--------+-----+--------+

Top non-repeatable levels by time:
     D:9: 1294 daAuts
     D:7: 1138 daAuts
     D:8: 1024 daAuts
     D:4: 987 daAuts
     D:6: 898 daAuts
     D:2: 829 daAuts
     D:3: 738 daAuts
     D:5: 647 daAuts
     D:1: 547 daAuts
    D:10: 541 daAuts
   IceCv: 192 daAuts
  Lair:1: 41 daAuts
